| TOP OF THE 1ST |
|
Pittsburgh Pirates batting - Pitching for San Francisco Giants : RHP Tom Owens
|
|
Pitching: RHP Tom Owens
|
|
|
Batting: RHB Dan Gladden
|
0-0: Ball 1-0: Swinging Strike 1-1: Swinging Strike 1-2: Strikes out looking
|
|
Batting: SHB Chili Davis
|
0-0: Foul Ball, location: 2F 0-1: Ball 1-1: Called Strike 1-2: Ball 2-2: Strikes out looking
|
|
Batting: RHB Rennie Stennett
|
0-0: Foul Ball, location: 2F 0-1: Called Strike 0-2: Foul Ball, location: 2F 0-2: Ball 1-2: Ground out 6-3 (Groundball, 6, EV 80.6 MPH)
|
| Top of the 1st over - 0 runs, 0 hits, 0 errors, 0 left on base; Pittsburgh 0 - San Francisco 0 |
| BOTTOM OF THE 1ST |
|
San Francisco Giants batting - Pitching for Pittsburgh Pirates : RHP Kelly Downs
|
|
Pitching: RHP Kelly Downs
|
|
|
Batting: SHB Kevin Bass
|
0-0: Fly out, F9 (Flyball, 89S, EV 93.8 MPH)
|
|
Batting: LHB Ken Griffey Sr
|
0-0: Swinging Strike 0-1: Swinging Strike 0-2: Ball 1-2: Foul Ball, location: 2F 1-2: Ball 2-2: Strikes out looking
|
|
Batting: LHB Keith Hernandez
|
0-0: Ball 1-0: SINGLE (Groundball, 6MD, EV 105.0 MPH)
|
|
Batting: RHB Phil Bailey
|
0-0: Ball Pickoff Throw to First - Out! 1-3
|
| Bottom of the 1st over - 0 runs, 1 hit, 0 errors, 0 left on base; Pittsburgh 0 - San Francisco 0 |
| TOP OF THE 2ND |
|
Pittsburgh Pirates batting - Pitching for San Francisco Giants : RHP Tom Owens
|
|
Batting: LHB Robert Lopez
|
0-0: Ball 1-0: Ball 2-0: Called Strike 2-1: Ground out 4-3 (Groundball, 4, EV 102.5 MPH)
|
|
Batting: LHB Greg Walker
|
0-0: Ball 1-0: Ball 2-0: Called Strike 2-1: Foul Ball, location: 2F 2-2: Strikes out swinging
|
|
Batting: RHB Mike C Brown
|
0-0: Ground out U3 (Groundball, 34, EV 108.8 MPH)
|
| Top of the 2nd over - 0 runs, 0 hits, 0 errors, 0 left on base; Pittsburgh 0 - San Francisco 0 |
| BOTTOM OF THE 2ND |
|
San Francisco Giants batting - Pitching for Pittsburgh Pirates : RHP Kelly Downs
|
|
Batting: RHB Phil Bailey
|
0-0: Ground out 5-3 (Groundball, 56S, EV 81.3 MPH)
|
|
Batting: SHB Tyler O'Dell
|
0-0: Ball 1-0: Called Strike 1-1: Ground out 6-3 (Groundball, 6M, EV 88.8 MPH)
|
|
Batting: RHB Dickie Thon
|
0-0: Ground out 4-3 (Groundball, 34, EV 80.6 MPH)
|
| Bottom of the 2nd over - 0 runs, 0 hits, 0 errors, 0 left on base; Pittsburgh 0 - San Francisco 0 |
| TOP OF THE 3RD |
|
Pittsburgh Pirates batting - Pitching for San Francisco Giants : RHP Tom Owens
|
|
Batting: SHB John Shelby
|
0-0: Ground out 5-3 (Groundball, 56, EV 80.0 MPH)
|
|
Batting: SHB Ron Oester
|
0-0: Ball 1-0: Called Strike 1-1: Called Strike 1-2: Foul Ball, location: 2F 1-2: Ground out 3-1 (Groundball, 34S, EV 88.1 MPH)
|
|
Batting: RHB Kelly Downs
|
0-0: Ball 1-0: Swinging Strike 1-1: Called Strike 1-2: Strikes out looking
|
| Top of the 3rd over - 0 runs, 0 hits, 0 errors, 0 left on base; Pittsburgh 0 - San Francisco 0 |
| BOTTOM OF THE 3RD |
|
San Francisco Giants batting - Pitching for Pittsburgh Pirates : RHP Kelly Downs
|
|
Batting: SHB Larry Reynolds
|
0-0: Ball 1-0: SINGLE (Line Drive, 89S, EV 89.4 MPH)
|
|
Batting: LHB James Durrman
|
0-0: Swinging Strike 0-1: Ball 1-1: Foul Ball, location: 2F 1-2: Strikes out swinging
|
|
Batting: RHB Tom Owens
|
0-0: Sac Bunt to 25 - play at first, batter OUT! 5-4 Larry Reynolds to second
|
|
Batting: SHB Kevin Bass
|
0-0: Called Strike 0-1: Swinging Strike 0-2: SINGLE (Line Drive, 9S, EV 103.8 MPH) Larry Reynolds to third Runner from 3rd tries for Home, SAFE, throw by RF to home Kevin Bass to second
|
|
Batting: LHB Ken Griffey Sr
|
0-0: Called Strike 0-1: Ball 1-1: Called Strike 1-2: Ball 2-2: Strikes out swinging
|
| Bottom of the 3rd over - 1 run, 2 hits, 0 errors, 1 left on base; Pittsburgh 0 - San Francisco 1 |
| TOP OF THE 4TH |
|
Pittsburgh Pirates batting - Pitching for San Francisco Giants : RHP Tom Owens
|
|
Batting: RHB Dan Gladden
|
0-0: Fly out, F7 (Flyball, 78M, EV 90.6 MPH)
|
|
Batting: SHB Chili Davis
|
0-0: Foul Ball, location: 2F 0-1: Foul Ball, location: 2F 0-2: Strikes out swinging
|
|
Batting: RHB Rennie Stennett
|
0-0: Ball 1-0: Foul Ball, location: 2F 1-1: Fly out, F8 (Flyball, 8RXD, EV 100.0 MPH)
|
| Top of the 4th over - 0 runs, 0 hits, 0 errors, 0 left on base; Pittsburgh 0 - San Francisco 1 |
| BOTTOM OF THE 4TH |
|
San Francisco Giants batting - Pitching for Pittsburgh Pirates : RHP Kelly Downs
|
|
Batting: LHB Keith Hernandez
|
0-0: Ball 1-0: Swinging Strike 1-1: Called Strike 1-2: Ball 2-2: Foul Ball, location: 2F 2-2: Ball 3-2: Foul Ball, location: 2F 3-2: Ground out 6-3 (Groundball, 6, EV 86.9 MPH)
|
|
Batting: RHB Phil Bailey
|
0-0: SINGLE (Line Drive, 4D, EV 96.3 MPH)
|
|
Batting: SHB Tyler O'Dell
|
0-0: Fielders Choice at 2nd, 4-6 (Groundball, 4, EV 81.3 MPH)
|
|
Batting: RHB Dickie Thon
|
0-0: Called Strike 0-1: Foul Ball, location: 2F 0-2: Strikes out swinging
|
| Bottom of the 4th over - 0 runs, 1 hit, 0 errors, 1 left on base; Pittsburgh 0 - San Francisco 1 |
| TOP OF THE 5TH |
|
Pittsburgh Pirates batting - Pitching for San Francisco Giants : RHP Tom Owens
|
|
Batting: LHB Robert Lopez
|
0-0: Fly out, F8 (Flyball, 8LXD, EV 88.1 MPH)
|
|
Batting: LHB Greg Walker
|
0-0: Foul Ball, location: 2F 0-1: Ball 1-1: Ball 2-1: Ball 3-1: Called Strike 3-2: Foul Ball, location: 2F 3-2: Ground out 5-3 (Groundball, 56, EV 80.6 MPH)
|
|
Batting: RHB Mike C Brown
|
0-0: Ball 1-0: Ball 2-0: Called Strike 2-1: Ball 3-1: Base on Balls
|
|
Batting: SHB John Shelby
|
0-0: Called Strike 0-1: Ball 1-1: Called Strike 1-2: Foul Ball, location: 2F 1-2: Foul Ball, location: 2F 1-2: Foul Ball, location: 2F 1-2: Strikes out swinging
|
| Top of the 5th over - 0 runs, 0 hits, 0 errors, 1 left on base; Pittsburgh 0 - San Francisco 1 |
| BOTTOM OF THE 5TH |
|
San Francisco Giants batting - Pitching for Pittsburgh Pirates : RHP Kelly Downs
|
|
Batting: SHB Larry Reynolds
|
0-0: Ball 1-0: Called Strike 1-1: Ball 2-1: Swinging Strike 2-2: Ground out U3 (Groundball, 3S, EV 76.9 MPH)
|
|
Batting: LHB James Durrman
|
0-0: Ball 1-0: Foul Ball, location: 2F 1-1: Ball 2-1: Called Strike 2-2: Foul Ball, location: 2F 2-2: Strikes out swinging
|
|
Batting: RHB Tom Owens
|
0-0: Called Strike 0-1: Fly out, F8 (Flyball, 8LS, EV 82.5 MPH)
|
| Bottom of the 5th over - 0 runs, 0 hits, 0 errors, 0 left on base; Pittsburgh 0 - San Francisco 1 |
| TOP OF THE 6TH |
|
Pittsburgh Pirates batting - Pitching for San Francisco Giants : RHP Tom Owens
|
|
Batting: SHB Ron Oester
|
0-0: SINGLE (Groundball, 5S, EV 72.5 MPH) (infield hit)
|
|
Batting: RHB Kelly Downs
|
0-0: Sac Bunt to 23 - play at first, batter OUT! 3-4 Ron Oester to second
|
|
Batting: RHB Dan Gladden
|
0-0: Called Strike 0-1: DOUBLE (Line Drive, 89XD, EV 109.4 MPH) Ron Oester scores
|
|
Batting: SHB Chili Davis
|
0-0: Called Strike 0-1: Swinging Strike 0-2: Ball 1-2: SINGLE (Groundball, 4MS, EV 66.9 MPH) (infield hit) Dan Gladden to third
|
|
Batting: RHB Rennie Stennett
|
0-0: Called Strike Chili Davis steals 2nd, throwing error, E2 Dan Gladden scores Chili Davis to third 0-1: Fly out, F9 (Line Drive, 9, EV 95.6 MPH) Runner from 3rd tags up, OUT at HOME! 9-2
|
| Top of the 6th over - 2 runs, 3 hits, 1 error, 0 left on base; Pittsburgh 2 - San Francisco 1 |
| BOTTOM OF THE 6TH |
|
San Francisco Giants batting - Pitching for Pittsburgh Pirates : RHP Kelly Downs
|
|
Batting: SHB Kevin Bass
|
0-0: Ball 1-0: Ground out 4-3 (Groundball, 4, EV 102.5 MPH)
|
|
Batting: LHB Ken Griffey Sr
|
0-0: Ball 1-0: Fly out, F8 (Flyball, 8LXD, EV 103.1 MPH)
|
|
Batting: LHB Keith Hernandez
|
0-0: Swinging Strike 0-1: Ball 1-1: DOUBLE (Line Drive, 78D, EV 98.8 MPH)
|
|
Batting: RHB Phil Bailey
|
0-0: Ball 1-0: Ball 2-0: Foul Ball, location: 2F 2-1: Reached on error, E5 (Groundball, 5, EV 81.3 MPH) Keith Hernandez to third
|
|
Batting: SHB Tyler O'Dell
|
0-0: Called Strike 0-1: Ball 1-1: Called Strike 1-2: Ground out 4-3 (Groundball, 4M, EV 103.8 MPH)
|
| Bottom of the 6th over - 0 runs, 1 hit, 1 error, 2 left on base; Pittsburgh 2 - San Francisco 1 |
| TOP OF THE 7TH |
|
Pittsburgh Pirates batting - Pitching for San Francisco Giants : RHP Tom Owens
|
|
Batting: LHB Robert Lopez
|
0-0: Ball 1-0: Fly out, F8 (Flyball, 78M, EV 86.3 MPH)
|
|
Batting: LHB Greg Walker
|
0-0: Foul Ball, location: 2F 0-1: Single, Error in OF, E8, batter to second base (Line Drive, 8LS, EV 105.6 MPH)
|
|
Batting: RHB Mike C Brown
|
0-0: Swinging Strike 0-1: Called Strike 0-2: Fly out, F9 (Flyball, 9S, EV 86.3 MPH)
|
|
Batting: SHB John Shelby
|
0-0: Ball 1-0: Called Strike 1-1: Foul Ball, location: 2F 1-2: Ball Wild Pitch! Greg Walker to third 2-2: Foul Ball, location: 2F 2-2: Strikes out swinging
|
| Top of the 7th over - 0 runs, 1 hit, 1 error, 1 left on base; Pittsburgh 2 - San Francisco 1 |
| BOTTOM OF THE 7TH |
|
San Francisco Giants batting - Pitching for Pittsburgh Pirates : RHP Kelly Downs
|
|
Batting: RHB Dickie Thon
|
0-0: Called Strike 0-1: Called Strike 0-2: Ground out 5-3 (Groundball, 5, EV 83.8 MPH)
|
|
Batting: SHB Larry Reynolds
|
0-0: Called Strike 0-1: Ball 1-1: Ball 2-1: SINGLE (Line Drive, 8LS, EV 94.4 MPH)
|
|
Pitching: RHP Mark Lemongello
|
|
|
Now in RF: Alex Campos
|
|
|
Batting: LHB James Durrman
|
0-0: Ball Larry Reynolds steals 2nd base (no throw) 1-0: Fly out, F7 (Line Drive, 7, EV 90.0 MPH)
|
|
Batting: RHB Tom Owens
|
0-0: Ball 1-0: Foul Ball, location: 2F 1-1: Ball 2-1: Ball 3-1: Foul Ball, location: 2F 3-2: Strikes out swinging
|
| Bottom of the 7th over - 0 runs, 1 hit, 0 errors, 1 left on base; Pittsburgh 2 - San Francisco 1 |
| TOP OF THE 8TH |
|
Pittsburgh Pirates batting - Pitching for San Francisco Giants : RHP Tom Owens
|
|
Batting: SHB Ron Oester
|
0-0: Ball 1-0: Ball 2-0: Fly out, F7 (Flyball, 7LS, EV 86.3 MPH)
|
|
Batting: LHB Alex Campos
|
0-0: Ball 1-0: Fly out, F8 (Flyball, 8RD, EV 101.3 MPH)
|
|
Batting: RHB Dan Gladden
|
0-0: Called Strike 0-1: Foul Ball, location: 2F 0-2: Foul Ball, location: 2F 0-2: Ball 1-2: Ball 2-2: Ground out 3-1 (Groundball, 34S, EV 78.8 MPH)
|
| Top of the 8th over - 0 runs, 0 hits, 0 errors, 0 left on base; Pittsburgh 2 - San Francisco 1 |
| BOTTOM OF THE 8TH |
|
San Francisco Giants batting - Pitching for Pittsburgh Pirates : RHP Mark Lemongello
|
|
Batting: SHB Kevin Bass
|
0-0: Foul Ball, location: 2F 0-1: Foul Ball, location: 2F 0-2: Ball 1-2: Foul Ball, location: 2F 1-2: Strikes out swinging
|
|
Batting: LHB Ken Griffey Sr
|
0-0: Foul Ball, location: 2F 0-1: Ball 1-1: Fly out, F7 (Flyball, 78M, EV 91.3 MPH)
|
|
Batting: LHB Keith Hernandez
|
0-0: Ball 1-0: Ball 2-0: Foul Ball, location: 2F 2-1: Swinging Strike 2-2: SINGLE (Line Drive, 6MD, EV 105.6 MPH)
|
|
Batting: RHB Phil Bailey
|
0-0: Called Strike 0-1: SINGLE (Line Drive, 56, EV 94.4 MPH) Keith Hernandez to second
|
|
Batting: SHB Tyler O'Dell
|
0-0: Ball 1-0: Ball 2-0: Fly out, F7 (Flyball, 7, EV 90.0 MPH)
|
| Bottom of the 8th over - 0 runs, 2 hits, 0 errors, 2 left on base; Pittsburgh 2 - San Francisco 1 |
| TOP OF THE 9TH |
|
Pittsburgh Pirates batting - Pitching for San Francisco Giants : RHP Tom Owens
|
|
Batting: SHB Chili Davis
|
0-0: Called Strike 0-1: Called Strike 0-2: Ball 1-2: Strikes out swinging
|
|
Batting: RHB Rennie Stennett
|
0-0: Fly out, F8 (Flyball, 8LS, EV 90.6 MPH)
|
|
Batting: LHB Robert Lopez
|
0-0: Ball 1-0: Ball 2-0: Called Strike 2-1: Ball 3-1: Called Strike 3-2: SINGLE (Line Drive, 78S, EV 104.4 MPH)
|
|
Pitching: LHP Doug Capilla
|
|
|
Batting: LHB Greg Walker
|
0-0: Foul Ball, location: 2F 0-1: Ball 1-1: Called Strike 1-2: Ball 2-2: Fly out, F8 (Flyball, 8RM, EV 91.9 MPH)
|
| Top of the 9th over - 0 runs, 1 hit, 0 errors, 1 left on base; Pittsburgh 2 - San Francisco 1 |
| BOTTOM OF THE 9TH |
|
San Francisco Giants batting - Pitching for Pittsburgh Pirates : RHP Mark Lemongello
|
|
Batting: RHB Dickie Thon
|
0-0: Foul Ball, location: 2F 0-1: Called Strike 0-2: Strikes out looking
|
|
Batting: SHB Larry Reynolds
|
0-0: Ball 1-0: Foul Ball, location: 2F 1-1: Ball 2-1: SINGLE (Groundball, 6MD, EV 76.3 MPH) (infield hit)
|
|
Pinch Hitting: LHB Kevin Christensen
|
0-0: Ball 1-0: Called Strike Larry Reynolds steals 2nd base 1-1: Ball 2-1: Ground out 4-3 (Groundball, 4, EV 94.4 MPH) Larry Reynolds to third
|
|
Pinch Hitting: RHB Don Slaught
|
0-0: Ball 1-0: Fly out, F8 (Line Drive, 8LD, EV 93.1 MPH)
|
| Bottom of the 9th over - 0 runs, 1 hit, 0 errors, 1 left on base; Pittsburgh 2 - San Francisco 1 |
|